 Dungeon Crawl Stone Soup version 0.21-b1-21-g86478ac (webtiles) character file.

181 Plasmagod the Sneak (level 5, -2/24 HPs)
             Began as a Spriggan Enchanter on Jan 4, 2018.
             Slain by an orc warrior
             ... wielding a +0 flail
              (26 damage)
             ... on level 3 of the Dungeon.
             The game lasted 00:17:22 (3120 turns).

Plasmagod the Sneak (Spriggan Enchanter)            Turns: 3120, Time: 00:17:22

Health: -2/24      AC:  2    Str:  5    XL:     5   Next: 34%
Magic:  2/12       EV: 19    Int: 16    God:
Gold:   173        SH:  0    Dex: 17    Spells: 9/12 levels left

rFire    . . .     SeeInvis +   a - +1 dagger
rCold    . . .     Gourm    .   (shield restricted)
rNeg     . . .     Faith    .   b - +0 robe
rPois    .         Spirit   .   (helmet restricted)
rElec    .         Reflect  .   (no cloak)
rCorr    .         Harm     .   (gloves unavailable)
MR       .....                  (boots unavailable)
Stlth    ++++......             (no amulet)
HPRegen  0.08/turn              (no ring)
MPRegen  0.13/turn              (no ring)

@: very slightly contaminated, very quick
A: very small, unfitting armour, see invisible, herbivore, speed 3, slow
metabolism 2
a: no special abilities


You were on level 3 of the Dungeon.
You were not hungry.

You visited 1 branch of the dungeon, and saw 3 of its levels.

You collected 173 gold pieces.

Inventory:

Hand Weapons
 a - a +1 dagger (weapon)
 n - a +0 blowgun
Missiles
 p - 19 poisoned needles
Armour
 b - a +0 robe (worn)
Scrolls
 f - 2 scrolls of identify
 g - 2 scrolls of remove curse
 h - a scroll of fear
 k - a scroll of enchant armour {unknown}
 l - a scroll of noise {unknown}
 m - a scroll of teleportation {unknown}
Potions
 e - a potion of haste
 i - a potion of resistance
 j - a potion of brilliance
Books
 c - a book of Maledictions

   Spells                             Type                      Level
   a - Corona                         Hexes                        1
   b - Ensorcelled Hibernation        Hexes/Ice                    2
   c - Confuse                        Hexes                        3
   d - Tukima's Dance                 Hexes                        3
   e - Dazzling Spray                 Conjuration/Hexes            3
Comestibles
 d - a ration


   Skills:
 + Level 0.2 Fighting
 + Level 1.3 Short Blades
 + Level 3.7 Dodging
 + Level 6.9 Stealth
 + Level 4.0 Spellcasting
 + Level 4.5 Hexes
 + Level 0.5 Ice Magic


You had 9 spell levels left.
You knew the following spells:

 Your Spells              Type           Power        Failure   Level  Hunger
a - Corona                Hex            ###....      2%          1    None
b - Ensorcelled Hibernat  Hex/Ice        ##....       9%          2    ##.....


Dungeon Overview and Level Annotations

Branches:
Dungeon (3/15)

Altars:
Zin


Innate Abilities, Weirdness & Mutations

You are very small and have problems with some larger weapons.
You are too small for most types of armour.
You have supernaturally acute eyesight. (SInv)
You are a herbivore.
You cover ground extremely quickly.
You need consume almost no food.


Message History

Press: ? - help, Shift-Dir - straight line, f/p - orc warrior
Aim: an orc warrior, wielding a flail and wearing a plate armour (chance to defeat MR: 42%)
The orc warrior looks drowsy...
The helpless orc warrior fails to defend itself.
You impale the orc warrior!!
The orc warrior is almost dead.
Casting: Ensorcelled Hibernation
Confirm with . or Enter, or press ? or * to list all spells.
Aiming: Corona
Press: ? - help, Shift-Dir - straight line, f/p - orc warrior
Aim: an orc warrior, wielding a flail and wearing a plate armour (almost dead, chance to defeat MR: 54%)
The orc warrior is outlined in light.
The orc shouts!
The orc warrior closely misses you.
The orc shouts!
You hit the orc warrior.
The orc warrior is almost dead.
The orc warrior hits you with a flail!!
Ouch! That really hurt!
You die...

##........###.###......#.##
#..........##.....[....#...
#..........##..........##.#
#..........##.............#
#..........##..÷o..........
#..........##.............#
#.........)).........###.#
##........#..).####..... .
#.........@o.....o..#...
#......)<.......#####.. ..
#...............# ..
#.......÷......## ...>
#..............# ####
##........#....# #.
##...÷..##...... ...
######## ...... .##. ######
#.


You could see an orc warrior and 2 orcs.

Vanquished Creatures
  A worker ant (D:3)
  8 adders
  An ooze (D:3)
  3 worms (D:2)
  A dart slug (D:3)
  2 leopard geckos
  2 orcs (D:3)
  A giant cockroach (D:2)
  8 goblins
  5 hobgoblins
  9 jackals
  5 bats
  9 frilled lizards
  11 kobolds
  5 rats
71 creatures vanquished.

Notes
Turn   | Place    | Note
-------+----------+-------------------------------------------
     0 | D:1      | Plasmagod the Spriggan Enchanter began the quest for the Orb.
     0 | D:1      | Reached XP level 1. HP: 9/9 MP: 5/5
   551 | D:1      | Reached XP level 2. HP: 12/13 MP: 5/7
   555 | D:1      | Learned a level 2 spell: Ensorcelled Hibernation
  1128 | D:2      | Reached skill level 5 in Stealth
  1137 | D:2      | Reached XP level 3. HP: 16/16 MP: 1/8
  1330 | D:2      | Found a faded altar of an unknown god.
  1626 | D:2      | Reached skill level 6 in Stealth
  1640 | D:2      | Reached XP level 4. HP: 18/21 MP: 1/9
  2030 | D:2      | Found a glowing silver altar of Zin.
  2330 | D:3      | Noticed an orc warrior
  2627 | D:3      | Reached XP level 5. HP: 24/24 MP: 11/11
  3120 | D:3      | Slain by an orc warrior

Skill      XL: |  1  2  3  4  5 |
---------------+----------------+-----
Spellcasting   | 3 4 |  4.0
Hexes          | 4 |  4.5
Stealth        | 5 6 |  6.9
Fighting       | |  0.2
Short Blades   | |  1.3
Dodging        | |  3.7
Ice Magic      | |  0.5

Action                   |  1- 3 |  4- 6 || total
-------------------------+-------+-------++-------
Melee: Dagger            |   101 |    82 ||   183
 Cast: Corona            |    10 |     7 ||    17
       Ensorcelled Hiber |    19 |    36 ||    55
  Use: Scroll            |     3 |       ||     3
       Potion            |       |     3 ||     3
 Stab: Sleeping          |    18 |    29 ||    47
  Eat: Ration            |       |     2 ||     2
Armor: Robe              |    10 |     5 ||    15
Dodge: Dodged            |   113 |    59 ||   172
